 Dungeon Crawl Stone Soup version 0.26-a0-662-g8b9c6dab81 (webtiles) character file.

Game seed: 11599788324971968579

82 slambob the Ruffian (level 4, 44/44 HPs)
             Began as a Troll Monk on Oct 9, 2020.
             Quit the game on level 2 of the Dungeon.
             The game lasted 00:08:12 (1103 turns).

slambob the Ruffian (Troll Monk)                    Turns: 1103, Time: 00:08:13

Health: 44/44      AC:  6    Str: 18 (19) XL:     4   Next: 21%
Magic:  3/3        EV: 10    Int:  3 (6)  God:
Gold:   87         SH:  0    Dex: 10 (13) Spells: 3/3 levels left

rFire    . . .     SeeInvis .     - Unarmed
rCold    . . .     Faith    .   (no shield)
rNeg     . . .     Spirit   .   a - +0 robe
rPois    .         Reflect  .   (helmet restricted)
rElec    .         Harm     .   (no cloak)
rCorr    .         Rampage  .   (gloves unavailable)
MR       .....                  (boots unavailable)
Stlth    +.........             (no amulet)
HPRegen  0.54/turn              (no ring)
MPRegen  0.08/turn              (no ring)

@: no status effects
A: large, unfitting armour, claws 3, regeneration 1, shaggy fur 1, tough skin 3
a: no special abilities


You were on level 2 of the Dungeon.
You visited 1 branch of the dungeon, and saw 2 of its levels.

You collected 87 gold pieces.

Inventory:

Armour
 a - a +0 robe (worn)
Scrolls
 c - 2 scrolls of identify
 e - a scroll of enchant weapon {unknown}
 g - 2 scrolls of teleportation
 h - a scroll of amnesia {unknown}
 i - a scroll of magic mapping {unknown}
Potions
 b - 3 potions of curing
 f - a potion of experience {unknown}
 j - a potion of flight


   Skills:
 + Level 2.8 Fighting
 + Level 2.9 Dodging
 + Level 1.1 Stealth
 + Level 4.2 Unarmed Combat


You had 3 spell levels left.
You didn't know any spells.
Your spell library was empty.

Dungeon Overview and Level Annotations

Branches:
Dungeon (2/15)

Altars:


Innate Abilities, Weirdness & Mutations

You are too large for most types of armour.
You have claws for hands.
Your natural rate of healing is unusually fast.
You are covered in fur. (AC +1)
You have extremely tough skin. (AC +3)


Message History

You kill the rat!
An adder comes into view.
The adder hisses angrily.
Found a scroll of teleportation.
The adder closely misses you.
You see here a smoky coppery potion.
You claw the adder!
The adder is severely wounded.
The adder bites you but does no damage.
You claw the adder!
You kill the adder!
You feel your strength returning.
f - a smoky coppery potion
Found 9 stones.
g - 2 scrolls of teleportation (gained 1)
As you read the scroll labeled ORUFAU DEARGHE, it crumbles to dust.
You assume a fearsome visage.
Nothing appears to happen.
It was a scroll of fear.
Unknown command.
Are you sure you want to abandon this character and quit the game? (Confirm with "yes".)

.#### #.....# #...#
#####.....#
..#.######.........#
#.................(
.#..# #.##.....
##..######.##.##.#
..†........#...#.#
#................#
..###.######...#@#
†.# #.# ##.##.#
#†###.# #...#.#
#†....# #.....#
.....#######...#.#
...(......###..#.#
#.....###.# #..#.#
...†...##†# #..#.#
..........# #..#.#


There were no monsters in sight!

Vanquished Creatures
  2 adders (D:2)
  An ooze (D:1)
  2 worms (D:2)
  2 dart slugs (D:1)
  3 leopard geckos
  7 bats
  2 giant cockroaches (D:2)
  4 goblins (D:1)
  7 hobgoblins
  6 kobolds
  2 frilled lizards (D:2)
  10 rats
48 creatures vanquished.

Notes
Turn   | Place    | Note
-------+----------+-------------------------------------------
     0 | D:1      | slambob the Troll Monk began the quest for the Orb.
     0 | D:1      | Reached XP level 1. HP: 22/22 MP: 0/0
    83 | D:1      | Reached XP level 2. HP: 26/29 MP: 1/1
   483 | D:1      | Reached XP level 3. HP: 33/36 MP: 2/2
   866 | D:2      | Reached skill level 4 in Unarmed Combat
  1054 | D:2      | Reached XP level 4. HP: 44/44 MP: 3/3
  1103 | D:2      | Quit the game

Illustrated notes

Levels and vault maps discovered:
D:1:      mushboom_english_gardens, layout_basic, st_stairs_9
D:2:      layout_loops_ring, kennysheep_donut

Skill      XL: |  1  2  3 |
---------------+----------+-----
Unarmed Combat | 4 |  4.2
Fighting       | |  2.8
Dodging        | |  2.9
Stealth        | |  1.1

Action                   |  1- 3 |  4- 6 || total
-------------------------+-------+-------++-------
Melee: Unarmed           |   102 |    12 ||   114
       Punch             |     2 |     1 ||     3
  Use: Scroll            |     3 |     1 ||     4
       Potion            |     4 |       ||     4
 Stab: Sleeping          |     1 |       ||     1
Armor: Robe              |    48 |     4 ||    52
Dodge: Dodged            |    64 |     3 ||    67

Table legend: (Time is in decaauts)
 A = Elapsed time spent in this place.
 B = Non-inter-level travel time spent in this place.
 C = Inter-level travel time spent in this place.
 D = Time resting spent in this place.
 E = Time spent auto-exploring this place.
 F = Levels seen in this place.
 G = Mean time per level.
                   A        B        C        D        E       F      G
               +--------+--------+--------+--------+--------+-----+--------+
         Total |   1095 |   1081 |     14 |      0 |    335 |   2 |  547.5 |
       Dungeon |   1095 |   1081 |     14 |      0 |    335 |   2 |  547.5 |
               +--------+--------+--------+--------+--------+-----+--------+

Top non-repeatable levels by time:
     D:1: 626 daAuts
     D:2: 468 daAuts
